 Dungeon Crawl Stone Soup version 0.18.1-5-g4a78601 (webtiles) character file.

3 ololoev the Charmwright (level 1, -2/16 HPs)
             Began as a Merfolk Skald on May 13, 2016.
             Slain by a goblin (4 damage)
             ... on level 1 of the Dungeon.
             The game lasted 00:00:42 (62 turns).

ololoev the Charmwright (Merfolk Skald)               Turns: 62, Time: 00:00:43

Health: -2/16      AC:  3    Str: 12    XL:     1   Next: 50%
Magic:  3/3        EV: 11    Int: 11    God:
Gold:   0          SH:  0    Dex: 13    Spells: 1 memorised, 3 levels left

rFire  . . .     SeeInvis .     a - +0 spear
rCold  . . .     Gourm    .     b - +0 leather armour
rNeg   . . .     Faith    .     (no shield)
rPois  .         Spirit   .     (no helmet)
rElec  .         Dismiss  .     (no cloak)
rCorr  .         Reflect  .     (no gloves)
SustAt .         Harm     .     (no boots)
MR     .....                    (no amulet)
Stlth  +.........               (no ring)
                                (no ring)

@: not resistant to hostile enchantments, very unstealthy
A: change form in water, swift swim
a: no special abilities

Inventory:

Hand Weapons
 a - a +0 spear (weapon)
Armour
 b - a +0 leather armour (worn)
Scrolls
 e - a scroll of random uselessness {unknown}
Books
 c - a book of Battle

   Spells                             Type                      Level
   a - Infusion                       Charms                       1
   b - Shroud of Golubria             Charms/Translocation         2
   c - Song of Slaying                Charms                       2
   d - Spectral Weapon                Hexes/Charms                 3
   e - Regeneration                   Charms/Necromancy            3
Comestibles
 d - a bread ration


   Skills:
 - Level 2.1 Fighting
 * Level 3.2 Polearms
 + Level 0.7 Armour
 + Level 1.7 Dodging
 - Level 2.0 Spellcasting
 + Level 3.2 Charms


You had 3 spell levels left.
You knew the following spells:

 Your Spells              Type           Power        Failure   Level  Hunger
a - Infusion              Chrm           #...         12%         1    ##.....


You were on level 1 of the Dungeon.
You were not hungry.

You visited 1 branch of the dungeon, and saw 1 of its levels.

#.###.#.###.#####..#..
..# ##.## ##..†.......
.. #.#.# #...........
#.# #.##......)...# ..#
#.#........... .#
#..........>.. .
###...........
....#########...........
.......@gKJ.......$.....
..(.###.#####...........
. .... +...........
#....# #......#####
#..#..# #......# #..#..#
#......# .......
.......w. ... ...#
##########

Notes
Turn   | Place    | Note
--------------------------------------------------------------
     0 | D:1      | ololoev the Merfolk Skald began the quest for the Orb.
     0 | D:1      | Reached XP level 1. HP: 16/16 MP: 3/3
    60 | D:1      | ololoev: слизни гады
    60 | D:1      | DEFE: они безобидны же
    60 | D:1      | ololoev: я вообще умер от такого пару попыток назад
    62 | D:1      | Slain by a goblin

Dungeon Overview and Level Annotations

Branches:
Dungeon (1/15)

Altars:


Message History

A ball python is nearby!
A ball python is nearby!
A ball python is nearby!
Found a scroll labeled AVIQUF INAA and 3 gold pieces.
Found a stone staircase leading down.
You barely miss the ball python.
The ball python bites you but does no damage.
The ball python barely misses you.
You barely miss the ball python.
The ball python bites you but does no damage.
The ball python completely misses you. The ball python bites you.
The ball python grabs you. The ball python constricts you.
You hit the ball python but do no damage.
The ball python closely misses you. The ball python constricts you.
You barely miss the ball python. The ball python closely misses you.
The ball python constricts you.
You hit the ball python.
The ball python is severely wounded.
The ball python bites you but does no damage.
The ball python constricts you.
You hit the ball python.
You kill the ball python!
No target in view!
No target in view!
No target in view!
No target in view!
No target in view!
No target in view!
No target in view!
No target in view!
No target in view!
No target in view!
No target in view!
No target in view!
e - a scroll labeled AVIQUF INAA An ooze comes into view.
An ooze is nearby!
An ooze is nearby!
An ooze is nearby!
A kobold comes into view.
The ooze quivers.
The kobold shouts!
A goblin comes into view.
You barely miss the ooze. The ooze hits you but does no damage.
The goblin shouts!
You hit the ooze.
The ooze is moderately wounded.
The ooze misses you.
You hit the ooze.
The ooze is heavily wounded.
The ooze hits you.
You hit the ooze.
The ooze is heavily wounded.
The ooze jiggles.
The ooze hits you. The kobold misses you.
You are too injured to fight recklessly!
You are too injured to fight recklessly!
You are too injured to fight recklessly!
You are too injured to fight recklessly!
You are too injured to fight recklessly!
You are too injured to fight recklessly!
You are too injured to fight recklessly!
You are too injured to fight recklessly!
You are too injured to fight recklessly!
You are too injured to fight recklessly!
You are too injured to fight recklessly!
You are too injured to fight recklessly!
You are too injured to fight recklessly!
You are too injured to fight recklessly!
You are too injured to fight recklessly!
You are too injured to fight recklessly!
You are too injured to fight recklessly!
The kobold barely misses you.
A dart slug comes into view.
The goblin closely misses you. The dart slug launches a dart at you.
The slug dart hits you!
Found 28 stones.
The goblin hits you.
You die...

You could see an ooze, a goblin and a kobold.

Vanquished Creatures
  A hobgoblin (D:1)
  A kobold (D:1)
  A ball python (D:1)
3 creatures vanquished.

Action                   || total
-------------------------++-------
Melee: Spear             ||    17
 Stab: Sleeping          ||     1
Armor: Leather armour    ||     6
Dodge: Dodged            ||    10

Vault maps used:
D:1:      minmay_arrival_diagonal_passages, minmay_tree_intersection,
          kennysheep_decorative_pillar
